 Dungeon Crawl Stone Soup version 0.24-a0-284-g9fb9971df1 (webtiles) character file.

Game seed: 7081637402233185630

23 Redear the Skirmisher (level 2, -1/24 HPs)
             Began as a Demonspawn Chaos Knight on May 6, 2019.
             Was a Plaything of Xom.
             Slain by a kobold
             ... wielding a +0 short sword
              (5 damage)
             ... on level 1 of the Dungeon.
             The game lasted 00:00:43 (326 turns).

Redear the Skirmisher (Demonspawn Chaos Knight)      Turns: 326, Time: 00:00:43

Health: -1/24      AC:  5    Str: 12    XL:     2   Next: 72%
Magic:  0/2        EV: 11    Int: 13    God:    Xom [...*..]
Gold:   28         SH:  0    Dex: 12    Spells: 1/1 levels left

rFire    . . .     SeeInvis .   d - +0 short sword
rCold    . . .     Gourm    .   (no shield)
rNeg     . . .     Faith    .   b - +2 leather armour
rPois    .         Spirit   +   (no helmet)
rElec    .         Reflect  .   (no cloak)
rCorr    .         Harm     .   (no gloves)
MR       .....                  (no boots)
Stlth    +.........             (no amulet)
HPRegen  0.08/turn              (no ring)
MPRegen  0.08/turn              (no ring)

@: no status effects
A: magic shield
a: Renounce Religion


You were on level 1 of the Dungeon.
You worshipped Xom.
You were a favourite toy of Xom.
You were not hungry.

You visited 1 branch of the dungeon, and saw 1 of its levels.

You collected 28 gold pieces.

Inventory:

Hand Weapons
 a - a +0 hand axe of chaos
 d - a +0 short sword (weapon)
Armour
 b - a +2 leather armour (worn)
Jewellery
 c - an uncursed amulet of rage {unknown}
Comestibles
 z - 3 rations


   Skills:
 + Level 3.3 Fighting
 + Level 2.9 Axes
 + Level 2.1 Armour
 + Level 1.3 Dodging


You had one spell level left.
You didn't know any spells.
Your spell library was empty.

Dungeon Overview and Level Annotations

Branches:
Dungeon (1/15)

Altars:


Innate Abilities, Weirdness & Mutations

When hurt, damage is shared between your health and your magic reserves.


Message History

A frilled lizard comes into view.
The frilled lizard hisses angrily.
There is a stone staircase leading down here.
A goblin comes into view. It is wielding a +0 club.
The goblin shouts!
A rat comes into view.
The kobold hits you with a +0 short sword.
* * * LOW HITPOINT WARNING * * *
You take 5 damage, and have 5/24 hp.
MASSIVE DAMAGE!!
You now have 1/2 mp.
You miss the kobold.
The kobold hits you with a +0 short sword.
* * * LOW HITPOINT WARNING * * *
You take 1 damage, and have 4/24 hp.
You now have 0/2 mp.
You hit the kobold but do no damage. The kobold hits you but does no damage.
You aren't carrying any potions.
Unknown command.
There is a stone staircase leading down here.
The kobold hits you with a +0 short sword.
You die...
Xom yawns loudly!

..# #.# ######.# #.#
####....#.# #.#
....##.#.# #.# ##
#..##.#.# #.# ...
#..##.#.###.###### ..
#.†()...).........
.###.###..##.#.###.######
........@................
##....K..#.....##.######
.......l..#.....##.####
.#........#...........#
#...g...##...........#
......r...............###
.........................
...#.########............
...#. ...........###


You could see a goblin, a kobold, a frilled lizard and a rat.

Vanquished Creatures
  4 hobgoblins (D:1)
  4 jackals (D:1)
  3 bats (D:1)
  2 frilled lizards (D:1)
  6 kobolds (D:1)
  2 rats (D:1)
21 creatures vanquished.

Notes
Turn   | Place    | Note
-------+----------+-------------------------------------------
     0 | D:1      | Redear the Demonspawn Chaos Knight began the quest for the
                  | Orb.
     0 | D:1      | Reached XP level 1. HP: 18/18 MP: 1/1
    62 | D:1      | Reached skill level 1 in Dodging
    99 | D:1      | Reached skill level 2 in Armour
    99 | D:1      | Gained mutation: When hurt, damage is shared between your
                  | health and your magic reserves. [demonic ancestry]
    99 | D:1      | Reached XP level 2. HP: 24/24 MP: 2/2
   131 | D:1      | XOM: mild Tloc miscast
   326 | D:1      | Slain by a kobold

Levels and vault maps discovered:
D:1:      psy_arrival_conway, layout_basic

Skill      XL: |  1 |
---------------+----+-----
Dodging        | 1 |  1.3
Armour         | 2 |  2.1
Fighting       | |  3.3
Axes           | |  2.9

Action                   || total
-------------------------++-------
Melee: Hand axe          ||    45
       Short sword       ||     2
Armor: Leather armour    ||    23
Dodge: Dodged            ||    49

Table legend:
 A = Non-vault XP
 B = Vault XP
 C = Vault XP percentage of total XP
 D = Non-vault monster count
 E = Vault monster count
 F = Vault count percentage of total count
                 A         B        C        D         E       F
            +---------+---------+-------+---------+---------+-------
      Total |      33 |       0 |   0.0 |      21 |       0 |   0.0
            +---------+---------+-------+---------+---------+-------
        D:1 |      33 |       0 |   0.0 |      21 |       0 |   0.0
            +---------+---------+-------+---------+---------+-------
